 Dungeon Crawl Stone Soup version 0.18.1-47-g9310371 (webtiles) character file.

60 juanjsm the Insei (level 4, 0/28 HPs)
             Began as an Octopode Transmuter on June 21, 2016.
             Slain by a giant frog (9 damage)
             ... on level 3 of the Dungeon.
             The game lasted 00:05:50 (1475 turns).

juanjsm the Insei (Octopode Transmuter)             Turns: 1475, Time: 00:05:51

Health: 0/28       AC:  5    Str:  9    XL:     4   Next: 4%
Magic:  1/7        EV: 12    Int: 16    God:
Gold:   70         SH:  0    Dex: 12    Spells: 2 memorised, 3 levels left

rFire  . . .     SeeInvis .       - Unarmed
rCold  . . .     Gourm    .     (no shield)
rNeg   . . .     Faith    .     (helmet restricted)
rPois  .         Spirit   .     (no amulet)
rElec  .         Dismiss  .     l - +4 ring of protection
rCorr  .         Reflect  .     (no ring)
SustAt .         Harm     .     (no ring)
MR     .....                    (no ring)
Stlth  ++........               (no ring)
                                (no ring)
                                (no ring)
                                (no ring)

@: appendage (expiring), very slightly contaminated, not resistant to hostile
enchantments, unstealthy
A: almost no armour, amphibious, 8 rings, constrict 8, tentacle spike 3,
camouflage 1, gelatinous body 1
a: End Transformation


You were on level 3 of the Dungeon.
You were not hungry.
One of your tentacles had a temporary spike.
You visited 1 branch of the dungeon, and saw 4 of its levels.

You collected 70 gold pieces.

Inventory:

Missiles
 a - 43 arrows
 q - a throwing net (quivered)
Jewellery
 l - a +4 ring of protection (left tentacle)
Scrolls
 e - 2 scrolls of blinking {unknown}
 h - a scroll of teleportation {unknown}
 j - 3 scrolls of identify {unknown}
 k - a scroll of remove curse {unknown}
 p - a scroll of enchant armour {unknown}
 u - a scroll of random uselessness {unknown}
Potions
 d - 2 potions of curing {unknown}
 g - a potion of lignification {unknown}
 i - a potion of berserk rage {unknown}
 n - 2 potions of heal wounds {unknown}
 o - a potion of brilliance {unknown}
 r - a potion of magic {unknown}
 s - 2 potions of cancellation {unknown}
Books
 b - a book of Changes

   Spells                             Type                      Level
   a - Beastly Appendage              Transmutation                1
   b - Sticks to Snakes               Transmutation                2
   c - Spider Form                    Transmutation/Poison         3
   d - Ice Form                       Ice/Transmutation            4
   e - Blade Hands                    Transmutation                5
Comestibles
 c - 2 bread rations
 f - 3 fruits
 m - a beef jerky
 t - a chunk of flesh


   Skills:
 - Level 1.1 Fighting
 - Level 2.2 Dodging
 - Level 0.4 Stealth
 - Level 3.4 Unarmed Combat
 - Level 2.2 Spellcasting
 * Level 3.3 Transmutations


You had 3 spell levels left.
You knew the following spells:

 Your Spells              Type           Power        Failure   Level  Hunger
a - Beastly Appendage     Trmt           ##....       8%          1    #......
b - Spider Form           Trmt/Pois      #.........   34%         3    ###....


Dungeon Overview and Level Annotations

Branches:
Dungeon (4/15)
 Temple: D:4-7

Altars:


Innate Abilities, Weirdness & Mutations

You cannot wear most types of armour.
You are amphibious.
You can wear up to eight rings at the same time.
You can use your tentacles to constrict eight enemies at once.
Your skin changes colour to match your surroundings (Stealth).
Your rubbery body absorbs attacks (AC +1).
One of your tentacles bears a large vicious spike.


Message History

The giant frog is moderately wounded.
The giant frog hits you!
The giant frog hits you but does no damage.
You tentacle-slap the giant frog but do no damage.
Your grab misses the giant frog.
You pierce the giant frog, but do no damage.
The giant frog is moderately wounded.
The giant frog hits you.
You tentacle-slap the giant frog. Your grab misses the giant frog.
You pierce the giant frog, but do no damage.
The giant frog is moderately wounded.
The giant frog hits you but does no damage.
The giant frog barely misses you.
You barely miss the giant frog. You grab the giant frog.
The giant frog is moderately wounded.
You constrict the giant frog. The giant frog hits you.
You tentacle-slap the giant frog.
You pierce the giant frog.
The giant frog is heavily wounded.
You constrict the giant frog. The giant frog hits you!
You die...

..............# #
######.###...## # #.#
##.## # ##+## ### #
##...## # ##.....## ##
..# ##....รท..## ##.
....K####.........####..
..).ooF@'.........'.....
.#...####.........####..
## ##.......## ##.
##.....## ## ##...##
##+##


You could see a giant frog, 2 orcs and a kobold.

Vanquished Creatures
  2 adders
  A dart slug (D:1)
  2 giant geckos
  An orc (D:3)
  2 bats
  6 giant cockroaches
  5 goblins
  4 hobgoblins
  A giant newt (D:2)
  6 kobolds
  2 rats
32 creatures vanquished.

Notes
Turn   | Place    | Note
--------------------------------------------------------------
     0 | D:1      | juanjsm the Octopode Transmuter began the quest for the Orb.
     0 | D:1      | Reached XP level 1. HP: 13/13 MP: 3/3
   151 | D:2      | Reached XP level 2. HP: 18/18 MP: 3/5
   612 | D:1      | Reached XP level 3. HP: 23/23 MP: 6/6
   617 | D:1      | Learned a level 3 spell: Spider Form
  1377 | D:3      | Reached XP level 4. HP: 24/28 MP: 5/7
  1388 | D:3      | Noticed a giant frog
  1475 | D:3      | Slain by a giant frog

Skill      XL: |  1  2  3 |
---------------+----------+-----
Transmutations | 3 |  3.3
Fighting       | |  1.1
Dodging        | |  2.2
Stealth        | |  0.4
Unarmed Combat | |  3.4
Spellcasting   | |  2.2

Action                   |  1- 3 |  4- 6 || total
-------------------------+-------+-------++-------
Melee: Unarmed           |    70 |     8 ||    78
       Constrict         |    22 |     2 ||    24
       Kick              |    13 |     4 ||    17
       Tentacles         |     8 |     1 ||     9
       Punch             |     1 |       ||     1
 Cast: Beastly Appendage |    20 |     1 ||    21
 Stab: Sleeping          |     4 |       ||     4
  Eat: Chunk             |     1 |     1 ||     2
Armor: Skin              |    18 |     2 ||    20
Dodge: Dodged            |    34 |     3 ||    37
